 Dungeon Crawl Stone Soup version 0.29.1-1-gd02db6906a (webtiles) character file.

Game seed: 5124380387361118897

1197 fireball365 the Chopper (level 8, -12/69 HPs)
             Began as a Minotaur Fighter on Oct 16, 2022.
             Was a Priest of Fedhas.
             Mangled by an ogre
             ... wielding a +0 giant club
              (20 damage)
             ... on level 5 of the Dungeon.
             The game lasted 00:27:35 (5163 turns).

fireball365 the Chopper (Minotaur Fighter)          Turns: 5163, Time: 00:27:38

Health: -12/69     AC: 14    Str: 21    XL:     8   Next: 20%
Magic:  7/7        EV:  5    Int:  5    God:    Fedhas [***...]
Gold:   356        SH:  9    Dex: 12    Spells: 7/7 levels left

rFire   . . .      SeeInvis .   a - +0 war axe
rCold   . . .      Faith    .   A - +0 kite shield
rNeg    . . .      Spirit   .   h - +0 plate armour
rPois   .          Reflect  .   (helmet restricted)
rElec   .          Harm     .   (no cloak)
rCorr   .          Rampage  .   x - +0 pair of gloves
Will    .....                   (no boots)
Stlth   ..........              (no amulet)
HPRegen 0.21/turn               (no ring)
MPRegen 0.10/turn               (no ring)

@: no status effects
A: horns 2, retaliatory headbutt
a: Renounce Religion, Wall of Briars, Grow Ballistomycete


You were on level 5 of the Dungeon.
You worshipped Fedhas.
Fedhas was most pleased with you.
You visited 1 branch of the dungeon, and saw 6 of its levels.

You collected 356 gold pieces.

Inventory:

Hand Weapons
 a - a +0 war axe (weapon)
 f - a +3 vampiric hand axe
 B - a +0 glaive
 D - a +2 hand axe of flaming
Missiles
 e - 63 stones (quivered)
 z - 6 poisoned darts
Armour
 b - a +0 scale mail
 c - a +0 buckler
 h - a +0 plate armour (worn)
 p - the +0 leather armour "Teruf" {Int+3}
   (You took it off a hobgoblin on level 2 of the Dungeon)

   Int:       It affects your intelligence (+3).
 x - a +0 pair of gloves (worn)
 y - a scarf of harm
 A - a +0 kite shield (worn)
 F - a +2 buckler
Wands
 u - a wand of roots (7)
Scrolls
 g - 3 scrolls of poison {unknown}
 i - 2 scrolls of noise {unknown}
 j - 3 scrolls of identify {unknown}
 k - a scroll of blinking {unknown}
 m - 2 scrolls of fear {unknown}
 q - 2 scrolls of fog {unknown}
 s - 2 scrolls of teleportation {unknown}
 t - 2 scrolls of enchant armour {unknown}
 w - 2 scrolls of vulnerability {unknown}
 C - 2 scrolls of silence {unknown}
 I - a scroll of amnesia {unknown}
Potions
 d - a potion of might
 l - a potion of degeneration {unknown}
 n - a potion of curing
 o - a potion of mutation {unknown}
 r - 2 potions of attraction {unknown}
 v - 2 potions of cancellation {unknown}
 E - 3 potions of haste
 G - a potion of flight {unknown}
 H - a potion of resistance {unknown}


   Skills:
 + Level 5.4 Fighting
 + Level 7.7 Axes
 + Level 7.0 Armour
 + Level 1.0 Dodging
 + Level 1.2 Stealth
 + Level 6.1 Shields
 + Level 0.1 Evocations


You had 7 spell levels left.
You didn't know any spells.
Your spell library contained the following spells:

 Spells                   Type           Power      Damage    Failure   Level
 Dazzling Flash           Conj/Hex       0%         N/A       100%        3
 Agony                    Necr           0%         N/A       100%        5
 Silence                  Hex/Air        0%         N/A       100%        5


Dungeon Overview and Level Annotations

Branches:
Dungeon (6/15)             Temple (0/1) D:4

Altars:
Ashenzari
Fedhas
Ru

Shops:
D:5 [


Innate Abilities, Weirdness & Mutations

You have a pair of horns on your head.
You reflexively headbutt those who attack you in melee.


Message History

The orc wizard hits you but does no damage.
You block the troll's attack. The troll claws you but does no damage.
You block the troll's attack.
You barely miss the troll. Your headbutt misses the troll.
The troll is moderately wounded.
You slash the ogre! You closely miss the orc wizard.
You block the orc's attack. The ogre hits you with a +0 giant club!
You block the troll's attack. The troll claws you but does no damage.
The troll claws you! You block the orc wizard's attack.
You block the troll's attack. The troll claws you!
The troll claws you but does no damage.
The iguana bites you but does no damage.
The orc hits you but does no damage.
The ogre hits you with a +0 giant club!!
* * * LOW HITPOINT WARNING * * *
You climb upwards.
There is a stone staircase leading down here.
It was a potion of curing.
You feel better. The orc wizard barely misses you. You furiously retaliate!
You headbutt the orc wizard. You block the iguana's attack.
The troll bites you but does no damage. You block the troll's attack.
The troll claws you but does no damage.
You completely miss the ogre. You headbutt the ogre!
The ogre is severely wounded.
You hit the orc wizard. You hit the troll. You barely miss the iguana.
You block the orc wizard's attack. The troll barely misses you.
The troll completely misses you. The troll claws you but does no damage.
You block the iguana's attack. You block the ogre's attack.
You hit the ogre.
The ogre is severely wounded.
You hit the troll but do no damage. You hit the iguana but do no damage.
You barely miss the orc wizard.
The orc wizard hits you but does no damage.
The troll bites you.
* * * LOW HITPOINT WARNING * * *
The troll claws you but does no damage. You block the troll's attack.
The iguana bites you.
* * * LOW HITPOINT WARNING * * *
The ogre hits you with a +0 giant club!!
You die...
Fedhas appreciates your contribution to the ecosystem.

........#.#.# #.###.#..#.#
.##.###...#.# #........#.#
.##.#######.# #####.##.#.#
.##..#....#.#######......#
.#.....#....#.....####.###
.#.....#.####.....# #.#########
.#.......# #.....# #.........#
.#....).## #..TOo# ########..#
.#.....## #..l@.# #..#
.##############.### #..#
......###......)# #..#
#####.#...####### #########..##
#.#.###.###### #.......#..#.
#.#.#........######.......#..#.
#.#...#.#.......##...######..##
##.#####.<....<#.##.### #..#
##.....#..#.##..#.##.# #..#


You could see a troll, an ogre, an iguana and an orc wizard.

Vanquished Creatures
  Grinder (D:5)
  A black bear (D:4)
  An ogre (D:5)
  A phantom (D:5)
  2 necrophages
  A scorpion (D:4)
  A howler monkey (D:4)
  A hound (D:5)
  4 orc priests (D:4)
  A jelly (D:5)
  Jessica (D:3)
  Natasha (D:4)
  An iguana (D:4)
  4 orc wizards (D:4)
  Terence (D:3)
  4 adders
  A white imp (D:5)
  An ufetubus (D:4)
  A worm (D:5)
  A dart slug (D:4)
  14 orcs
  5 endoplasms
  2 giant cockroaches
  9 goblins
  10 hobgoblins
  4 jackals (D:2)
  9 kobolds
  2 quokkas
  6 ball pythons
  8 bats
  5 frilled lizards
  3 rats
107 creatures vanquished.

Notes
Turn   | Place    | Note
-------+----------+-------------------------------------------
     0 | D:1      | fireball365 the Minotaur Fighter began the quest for the
                  | Orb.
     0 | D:1      | Reached XP level 1. HP: 19/19 MP: 0/0
   194 | D:1      | Reached XP level 2. HP: 27/27 MP: 1/1
   676 | D:2      | Reached XP level 3. HP: 33/33 MP: 2/2
   725 | D:2      | Identified the +0 leather armour "Teruf" {Int+3}
   832 | D:2      | Found a faded altar of an unknown god.
   856 | D:2      | Prayed at the altar of an unknown god.
   856 | D:2      | Became a worshipper of Fedhas Madash
   856 | D:2      | Reached * piety under Fedhas
  1215 | D:3      | Noticed Terence
  1219 | D:3      | Killed Terence
  1220 | D:3      | Reached XP level 4. HP: 40/41 MP: 3/3
  1246 | D:3      | Noticed Jessica
  1255 | D:3      | Killed Jessica
  1577 | D:3      | Found a sacrificial altar of Ru.
  2120 | D:3      | Reached XP level 5. HP: 47/47 MP: 4/4
  2143 | D:3      | Reached ** piety under Fedhas
  2557 | D:4      | Reached skill level 5 in Armour
  2571 | D:4      | Reached XP level 6. HP: 8/53 MP: 5/5
  2595 | D:4      | Reached skill level 5 in Axes
  2595 | D:4      | Reached skill level 1 in Stealth
  2700 | D:4      | HP: 1/55 [something/puff of flame (7)]
  2701 | D:4      | Reached skill level 5 in Shields
  2715 | D:4      | Reached skill level 5 in Fighting
  2715 | D:4      | Reached XP level 7. HP: 5/61 MP: 6/6
  3215 | D:4      | Found a broken altar of Ashenzari.
  3232 | D:4      | Reached *** piety under Fedhas
  3383 | D:4      | Found a staircase to the Ecumenical Temple.
  3385 | D:4      | Noticed Natasha
  3391 | D:4      | Killed Natasha
  3938 | D:5      | Entered Level 5 of the Dungeon
  4025 | D:5      | Found Ruin's Antique Armour Emporium.
  4060 | D:5      | Noticed Grinder
  4071 | D:5      | Paralysed by Grinder for 3 turns
  4096 | D:5      | Killed Grinder
  4097 | D:5      | Reached XP level 8. HP: 50/68 MP: 7/7
  4884 | D:5      | Reached skill level 1 in Dodging
  5141 | D:6      | Noticed a troll
  5159 | D:6      | HP: 2/69 [ogre/+0 giant club (19)]
  5163 | D:5      | Mangled by an ogre

Illustrated notes

Levels and vault maps discovered:
D:1:      minmay_arrival_up_and_down, layout_rooms, minmay_circled_x
D:2:      layout_rooms, ebering_ecumenical_altar_box
D:3:      minmay_inner_zag, layout_basic, nicolae_ru_great_annihilating_truth,
          saegor_snake_ambush, uniq_terence, uniq_jessica
D:4:      layout_loops_ring, cheibrodos_ashenzari_chains,
          minmay_temple_entry_tees, chequers_decorated_corner,
          minmay_misc_feat_room, kennysheep_orc_chapel, uniq_natasha
D:5:      layout_loops_cross, serial_shops, shop_statue,
          serial_co_window_serial, co_window_of_opportunity_a,
          co_window_corner_a, co_window_paths_a, co_window_paths_a,
          co_window_of_opportunity_a, co_window_of_opportunity_b,
          co_window_cross_2, co_window_unsneaky_path_b, co_window_corner_b,
          glass_columns_a, glass_columns_b, uniq_grinder
D:6:      layout_rooms, nicolae_overflows_in_rows, minmay_alternating_orb,
          uniq_menkaure

Skill      XL: |  1  2  3  4  5  6  7  8 |
---------------+-------------------------+-----
Armour         | 4 5 6 7 |  7.0
Fighting       | 4 5 |  5.4
Shields        | 4 5 6 |  6.1
Axes           | 3 4 5 7 |  7.7
Stealth        | 1 |  1.2
Dodging        | 1 |  1.0
Evocations     | |  0.1

Action                   |  1- 3 |  4- 6 |  7- 9 || total
-------------------------+-------+-------+-------++-------
Melee: War axe           |    72 |   118 |    72 ||   262
       Headbutt          |    12 |    24 |    21 ||    57
Evoke: Wand              |       |     2 |       ||     2
  Use: Potion            |       |     3 |     1 ||     4
 Stab: Paralysed         |       |     2 |       ||     2
Armor: Scale mail        |    55 |       |       ||    55
       Plate armour      |    38 |   113 |    73 ||   224
Dodge: Dodged            |    56 |    22 |    11 ||    89
Block: Buckler           |    28 |    10 |       ||    38
       Kite shield       |       |    50 |    62 ||   112
